 Dungeon Crawl Stone Soup version 0.23.1 (webtiles) character file.

Game seed: 10489139124640314836

310 Borgoz the Sneak (level 6, 0/47 HPs)
             Began as a Ghoul Enchanter on Mar 2, 2019.
             Slain by an adder zombie (1 damage)
             ... in an ossuary.
             The game lasted 00:11:15 (4996 turns).

Borgoz the Sneak (Ghoul Enchanter)                  Turns: 4996, Time: 00:11:16

Health: 0/47       AC:  4    Str: 12    XL:     6   Next: 41%
Magic:  0/8        EV: 13    Int: 10    God:
Gold:   139        SH:  0    Dex: 11    Spells: 3/9 levels left

rFire    . . .     SeeInvis .   a - +1 dagger
rCold    + . .     Gourm    .   (no shield)
rNeg     + + +     Faith    .   b - +0 robe
rPois    ∞         Spirit   +   (no helmet)
rElec    .         Reflect  .   (no cloak)
rCorr    +         Harm     .   (no gloves)
MR       .....                  f - +1 pair of boots
Stlth    +++.......             l - amulet of guardian spirit
HPRegen  0.00/turn              e - ring of resist corrosion
MPRegen  0.11/turn              (no ring)

@: rotting
A: rotting body, claws 1, carnivore, cold resistance 1, negative energy
resistance 3, inhibited regeneration, torment resistance, unbreathing
a: no special abilities


You were in an ossuary.
You were hungry.

You visited 1 branch of the dungeon, and saw 4 of its levels.
You also visited: Ossuary.

You collected 139 gold pieces.

Inventory:

Hand Weapons
 a - a +1 dagger (weapon)
 u - a +0 club of chaos
 v - a +0 spear of chaos
Missiles
 k - 10 tomahawks (quivered)
Armour
 b - a +0 robe (worn)
 f - a +1 pair of boots (worn)
Jewellery
 e - a ring of resist corrosion (left claw)
 l - an amulet of guardian spirit (around neck)
Wands
 m - a wand of acid (13)
 o - a wand of iceblast (13)
 t - a wand of paralysis (5)
Scrolls
 c - 3 scrolls of fog
 h - 2 scrolls of enchant weapon
 i - 3 scrolls of remove curse
 p - 2 scrolls of immolation {unknown}
Potions
 j - 2 potions of brilliance
Comestibles
 d - 6 rations


   Skills:
 + Level 1.5 Fighting
 * Level 2.5 Short Blades
 + Level 1.7 Throwing
 + Level 1.3 Armour
 * Level 3.0 Dodging
 * Level 4.6 Stealth
 - Level 2.0 Spellcasting
 + Level 2.8 Hexes


You had 3 spell levels left.
You knew the following spells:

 Your Spells              Type           Power        Failure   Level  Hunger
a - Corona                Hex            #......      10%         1    ##.....
b - Ensorcelled Hibernat  Hex/Ice        #.....       26%         2    ###....
c - Confuse               Hex            #.......     30%         3    ####...

Your spell library contained the following spells:

 Spells                   Type           Power        Failure   Level  Hunger
 Confusing Touch          Hex            #.....       10%         1    ##.....
 Animate Skeleton         Necr           N/A          30%         1    ##.....
 Apportation              Tloc           #.....       30%         1    ##.....
 Summon Small Mammal      Summ           #...         30%         1    ##.....
 Tukima's Dance           Hex            #.......     30%         3    ####...
 Dazzling Spray           Conj/Hex       #.....       47%         3    ####...


Dungeon Overview and Level Annotations

Branches:
Dungeon (4/15)
 Temple: D:4-7

Altars:
Xom


Innate Abilities, Weirdness & Mutations

Your body is rotting away.
You thrive on raw meat.
You are immune to poison.
You have sharp fingernails.
You are carnivorous and can eat meat at any time.
Your flesh is cold resistant. (rC+)
You are immune to negative energy. (rN+++)
You do not regenerate when monsters are visible.
You are immune to unholy pain and torment.
You can survive without breathing.


Message History

You see here a tomahawk.
You hit the adder zombie but do no damage.
The adder zombie is lightly damaged.
The adder zombie bites you but does no damage.
You hit the adder zombie.
The adder zombie is moderately damaged.
The adder zombie bites you.
You hit the adder zombie.
The adder zombie is heavily damaged.
You hit the adder zombie.
The adder zombie is severely damaged.
The adder zombie bites you.
* * * LOW HITPOINT WARNING * * *
You barely miss the adder zombie.
The adder zombie is severely damaged.
The adder zombie barely misses you.
You closely miss the adder zombie.
The adder zombie is severely damaged.
The adder zombie bites you.
You die...

#........8..8.......
#.......Z...........
#...######..######..
#...#....#..#....#..
#...#.#..#..#..#.#..
#..Z#.####..####.#..
#...#............#..
#.(Z#.####.......#..
#..@#.#..#.......#..
#...#....#.......#..
#...######.∩.....#..
#...#.M......'####..
#...#.####...#...#..
#...# #...#...#..
#...##############..
#...................
#.........∩∩........


You could see an adder zombie and a kobold zombie.

Vanquished Creatures
  A bullfrog (D:4)
  A centaur zombie (Ossuary)
  An orc priest (D:2)
  A mummy (Ossuary)
  7 adders
  An ooze (D:2)
  2 adder zombies (Ossuary)
  A worm (D:2)
  2 leopard geckos (D:2)
  9 orcs
  8 bats
  2 giant cockroaches (D:1)
  5 goblins
  8 hobgoblins
  6 quokkas
  A ball python (D:2)
  10 hobgoblin zombies (Ossuary)
  3 jackal zombies (Ossuary)
  3 kobolds
  7 kobold zombies (Ossuary)
  9 orc zombies (Ossuary)
  A quokka skeleton (D:4)
  7 rats
  3 rat zombies (Ossuary)
99 creatures vanquished.

Notes
Turn   | Place    | Note
-------+----------+-------------------------------------------
     0 | D:1      | Borgoz the Ghoul Enchanter began the quest for the Orb.
     0 | D:1      | Reached XP level 1. HP: 14/14 MP: 2/2
    89 | D:1      | Reached skill level 1 in Short Blades
   215 | D:1      | Reached XP level 2. HP: 15/20 MP: 3/3
   544 | D:2      | Reached XP level 3. HP: 5/26 MP: 4/4
   999 | D:1      | Learned a level 2 spell: Ensorcelled Hibernation
  1444 | D:2      | Reached XP level 4. HP: 30/33 MP: 5/5
  1741 | D:2      | Reached skill level 1 in Throwing
  2290 | D:3      | Reached skill level 4 in Stealth
  2416 | D:3      | Reached XP level 5. HP: 19/39 MP: 4/7
  2929 | D:2      | Reached skill level 1 in Fighting
  3043 | D:3      | Reached skill level 1 in Armour
  3212 | D:3      | Found a faded altar of an unknown god.
  3504 | D:3      | Found a shimmering altar of Xom.
  3691 | D:4      | Noticed an ogre
  3749 | D:4      | Learned a level 3 spell: Confuse
  3750 | D:4      | Noticed a phantom
  3785 | D:4      | Reached XP level 6. HP: 15/47 MP: 0/8
  3810 | D:4      | Found a sand-covered staircase.
  3821 | Ossuary  | Entered an ossuary
  4969 | Ossuary  | HP: 2/47 [adder zombie (1)]
  4994 | Ossuary  | HP: 1/47 [adder zombie (1)]
  4996 | Ossuary  | Slain by an adder zombie

Skill      XL: |  1  2  3  4  5  6 |
---------------+-------------------+-----
Short Blades   | 1 2 |  2.5
Dodging        | 2 3 |  3.0
Spellcasting   | 2 |  2.0
Throwing       | 1 |  1.7
Stealth        | 4 |  4.6
Fighting       | 1 |  1.5
Armour         | 1 |  1.3
Hexes          | |  2.8

Action                   |  1- 3 |  4- 6 || total
-------------------------+-------+-------++-------
Melee: Dagger            |   126 |   369 ||   495
Throw: Tomahawk          |       |    37 ||    37
 Cast: Corona            |     3 |     3 ||     6
       Ensorcelled Hiber |       |    20 ||    20
  Use: Scroll            |     5 |     6 ||    11
       Potion            |       |     5 ||     5
 Stab: Sleeping          |       |    15 ||    15
       Invisible         |       |     1 ||     1
  Eat: Chunk             |     8 |    19 ||    27
Armor: Robe              |    20 |    88 ||   108
Dodge: Dodged            |   103 |   262 ||   365
